 Dungeon Crawl Stone Soup version 0.29-a0-275-g389c0b56f3 (webtiles) character file.

Game seed: 181533181186803991

30 Murumi the Skirmisher (level 3, -10/39 HPs)
             Began as an Ogre Gladiator on Mar 12, 2022.
             Mangled by a gnoll
             ... wielding a +0 halberd
              (13 damage)
             ... on level 2 of the Dungeon.
             The game lasted 00:03:44 (1309 turns).

Murumi the Skirmisher (Ogre Gladiator)              Turns: 1309, Time: 00:03:45

Health: -10/39     AC:  4    Str: 20    XL:     3   Next: 20%
Magic:  3/3        EV: 10    Int:  9    God:
Gold:   85         SH:  0    Dex: 10    Spells: 2/2 levels left

rFire   + . .      SeeInvis .   h - +0 whip
rCold   . . .      Faith    .   (no shield)
rNeg    . . .      Spirit   .   j - +1 robe {rF+}
rPois   .          Reflect  .   c - +0 hat
rElec   .          Harm     .   (no cloak)
rCorr   .          Rampage  .   (gloves unavailable)
Will    .....                   (boots unavailable)
Stlth   +.........              (no amulet)
HPRegen 0.13/turn               (no ring)
MPRegen 0.08/turn               (no ring)

@: hasted, very quick
A: large, unfitting armour, tough skin 1
a: no special abilities


You were on level 2 of the Dungeon.
You visited 1 branch of the dungeon, and saw 2 of its levels.

You collected 85 gold pieces.

Inventory:

Hand Weapons
 a - a +0 flail
 h - a +0 whip (weapon)
Missiles
 d - 3 throwing nets
 e - a large rock
 g - 65 stones (quivered)
Armour
 c - a +0 hat (worn)
 j - a +1 robe of fire resistance (worn)


   Skills:
 - Level 4.0 Fighting
 - Level 3.0 Maces & Flails
 - Level 2.0 Throwing
 + Level 0.1 Armour
 - Level 3.0 Dodging


You had 2 spell levels left.
You didn't know any spells.
Your spell library contained the following spells:

 Spells                   Type           Power      Damage    Failure   Level
 Sandblast                Erth           0%         2d4       38%         1
 Passwall                 Tmut/Erth      0%         N/A       52%         2
 Sublimation of Blood     Necr           0%         N/A       52%         2
 Wereblood                Tmut           0%         N/A       52%         2
 Stone Arrow              Conj/Erth      0%         3d7       77%         3
 Summon Hydra             Summ           0%         N/A       100%        7


Dungeon Overview and Level Annotations

Branches:
Dungeon (2/15)

Altars:


Innate Abilities, Weirdness & Mutations

You are too large for most types of armour.
You have tough skin. (AC +1)


Message History

It was a potion of cancellation.
You feel magically purged. The gnoll barely misses you.
It was a potion of haste.
You feel yourself speed up. The gnoll closely misses you.
The gnoll barely misses you.
You hit the gnoll.
The gnoll is lightly wounded.
You closely miss the gnoll.
The gnoll is lightly wounded.
The gnoll closely misses you. The gnoll hits you with a +0 club.
You hit the gnoll but do no damage.
The gnoll is lightly wounded.
The gnoll closely misses you.
The gnoll hits you from afar with a +0 halberd!
* * * LOW HITPOINT WARNING * * *
You barely miss the gnoll.
The gnoll is lightly wounded.
You hit the gnoll. Your punch misses the gnoll.
The gnoll is heavily wounded.
The gnoll hits you from afar with a +0 halberd.
* * * LOW HITPOINT WARNING * * *
A gnoll comes into view. It is wielding a +0 flail.
The gnoll hits you but does no damage.
The gnoll shouts!
You hit the gnoll.
The gnoll is heavily wounded.
The gnoll barely misses you. The gnoll hits you with a +0 club.
* * * LOW HITPOINT WARNING * * *
You barely miss the gnoll.
The gnoll is heavily wounded.
You barely miss the gnoll.
The gnoll is heavily wounded.
The gnoll hits you from afar with a +0 halberd.
* * * LOW HITPOINT WARNING * * *
The gnoll hits you with a +0 club.
* * * LOW HITPOINT WARNING * * *
You closely miss the gnoll.
The gnoll is heavily wounded.
The gnoll hits you but does no damage.
The gnoll hits you from afar with a +0 halberd!
You die...

# #g# #. #g# #.####
#g# #....#### #g#
#........ #g#
#.....#. #g# #.......
#g# ######.....#.
#.##@####.....#...###
#.........####.#### #
####...........# #
############# # #


You could see 7 gnolls.

Vanquished Creatures
  A dart slug (D:1)
  An endoplasm (D:2)
  2 giant cockroaches (D:1)
  2 goblins
  2 hobgoblins
  2 quokkas (D:1)
  6 ball pythons (D:1)
  2 bats
  3 frilled lizards
  4 kobolds (D:1)
  3 rats (D:1)
28 creatures vanquished.

Vanquished Creatures (others)
  6 fungi (D:2)
  7 plants (D:2)
13 creatures vanquished.

Grand Total: 41 creatures vanquished

Notes
Turn   | Place    | Note
-------+----------+-------------------------------------------
     0 | D:1      | Murumi the Ogre Gladiator began the quest for the Orb.
     0 | D:1      | Reached XP level 1. HP: 22/22 MP: 1/1
    58 | D:1      | Reached skill level 3 in Fighting
   227 | D:1      | Reached XP level 2. HP: 25/31 MP: 2/2
   844 | D:1      | Reached XP level 3. HP: 39/39 MP: 3/3
  1145 | D:2      | Reached skill level 4 in Fighting
  1309 | D:2      | Mangled by a gnoll

Illustrated notes

Levels and vault maps discovered:
D:1:      psy_arrival_wood_between_worlds, layout_basic
D:2:      layout_loops_ring, dreamdust_ecumenical_altar_grove

Skill      XL: |  1  2  3 |
---------------+----------+-----
Fighting       | 3 4 |  4.0
Maces & Flails | 3 |  3.0
Dodging        | 3 |  3.0
Throwing       | |  2.0
Armour         | |  0.1

Action                   || total
-------------------------++-------
Melee: Flail             ||    11
       Punch             ||     1
       Whip              ||    70
Throw: Stone             ||    32
  Use: Scroll            ||     2
       Potion            ||     2
 Stab: Sleeping          ||     2
Armor: Robe              ||    18
Dodge: Dodged            ||    45

Table legend: (Time is in decaauts)
 A = Elapsed time spent in this place.
 B = Non-inter-level travel time spent in this place.
 C = Inter-level travel time spent in this place.
 D = Time resting spent in this place.
 E = Time spent auto-exploring this place.
 F = Levels seen in this place.
 G = Mean time per level.
                   A        B        C        D        E       F      G
               +--------+--------+--------+--------+--------+-----+--------+
         Total |   1307 |   1242 |     65 |      0 |   1021 |   2 |  653.5 |
       Dungeon |   1307 |   1242 |     65 |      0 |   1021 |   2 |  653.5 |
               +--------+--------+--------+--------+--------+-----+--------+

Top non-repeatable levels by time:
     D:1: 1121 daAuts
     D:2: 186 daAuts
